 Dungeon Crawl Stone Soup version 0.22.0-75-g3901e79 (webtiles) character file.

68 lysyklops the Conjurer (level 4, -4/24 HPs)
             Began as a Deep Elf Conjurer on Sept 13, 2018.
             Slain by Sigmund
             ... wielding a +0 scythe
              (9 damage)
             ... on level 2 of the Dungeon.
             The game lasted 00:03:52 (1450 turns).

lysyklops the Conjurer (Deep Elf Conjurer)          Turns: 1450, Time: 00:03:53

Health: -4/24      AC:  2    Str:  5    XL:     4   Next: 1%
Magic:  6/12       EV: 14    Int: 21    God:
Gold:   51         SH:  0    Dex: 15    Spells: 10/11 levels left

rFire    . . .     SeeInvis .   i - +3 club
rCold    . . .     Gourm    .   (no shield)
rNeg     . . .     Faith    .   a - +0 robe
rPois    .         Spirit   .   (no helmet)
rElec    .         Reflect  .   (no cloak)
rCorr    .         Harm     .   (no gloves)
MR       .....                  (no boots)
Stlth    ++........             (no amulet)
HPRegen  0.08/turn              (no ring)
MPRegen  0.13/turn              (no ring)

@: no status effects
A: no striking features
a: no special abilities


You were on level 2 of the Dungeon.
You were not hungry.

You visited 1 branch of the dungeon, and saw 2 of its levels.

You collected 51 gold pieces.

Inventory:

Hand Weapons
 d - a +0 dagger
 i - a +3 club (weapon)
Armour
 a - a +0 robe (worn)
Jewellery
 h - an uncursed ring of protection from fire {unknown}
Scrolls
 b - 3 scrolls of teleportation {unknown}
 e - a scroll of remove curse {unknown}
 f - a scroll of random uselessness {unknown}
 g - a scroll of identify {unknown}
 j - a scroll of enchant armour {unknown}
Comestibles
 c - 2 rations


   Skills:
 + Level 3.6 Dodging
 - Level 2.4 Stealth
 + Level 4.1 Spellcasting
 + Level 5.0 Conjurations


You had 10 spell levels left.
You knew the following spells:

 Your Spells              Type           Power        Failure   Level  Hunger
a - Magic Dart            Conj           ####         1%          1    None

Your spell library contained the following spells:

 Spells                   Type           Power        Failure   Level  Hunger
 Searing Ray              Conj           ####..       2%          2    #......
 Dazzling Spray           Conj/Hex       ##....       13%         3    ###....
 Iskenderun's Mystic Bla  Conj           ####....     14%         4    ####...
 Force Lance              Conj/Tloc      ##......     38%         4    ####...
 Fulminant Prism          Conj/Hex       ##........   38%         4    ####...


Dungeon Overview and Level Annotations

Branches:
Dungeon (2/15)

Altars:

Annotations:
D:2 Sigmund


Message History

Sigmund points at you and mumbles some strange words.
The magic dart hits you!
* * * LOW HITPOINT WARNING * * *
Casting: Magic Dart (safe; 1% risk of failure)
Confirm with . or Enter, or press ? or * to list all spells.
Aiming: Magic Dart (safe; 1% risk of failure)
Press: ? - help, Shift-Dir - straight line, f/p - Sigmund
Aim: Sigmund, wielding a scythe and wearing a robe (heavily wounded)
The magic dart hits Sigmund.
Sigmund is heavily wounded.
Sigmund misses you.
Casting: Magic Dart (safe; 1% risk of failure)
Confirm with . or Enter, or press ? or * to list all spells.
Aiming: Magic Dart (safe; 1% risk of failure)
Press: ? - help, Shift-Dir - straight line, f/p - Sigmund
Aim: Sigmund, wielding a scythe and wearing a robe (heavily wounded)
The magic dart hits Sigmund.
Sigmund is severely wounded.
Sigmund hits you with a scythe!
You die...

.# #.# .# #.# .#
#.######## .#
###........# .#
#.......#.## .#
#.#####.#.# ##
#####.# #.#.#
####.....#####.#.#
...).#.#..(....#@#
###......#######@#
#..#.#.#######.#
##.........{...#
############### .
.####### ........
# .......### #.#


You could see Sigmund.

Vanquished Creatures
  Jessica (D:2)
  An adder (D:2)
  A worm (D:2)
  2 dart slugs (D:1)
  6 bats
  2 giant cockroaches
  2 hobgoblins (D:1)
  5 kobolds
  4 goblins (D:1)
  3 rats
27 creatures vanquished.

Notes
Turn   | Place    | Note
-------+----------+-------------------------------------------
     0 | D:1      | lysyklops the Deep Elf Conjurer began the quest for the
                  | Orb.
     0 | D:1      | Reached XP level 1. HP: 10/10 MP: 6/6
   197 | D:1      | Reached XP level 2. HP: 15/15 MP: 5/8
   986 | D:2      | Noticed Jessica
   992 | D:2      | Killed Jessica
   992 | D:2      | Reached XP level 3. HP: 7/19 MP: 3/10
  1190 | D:2      | Reached skill level 5 in Conjurations
  1384 | D:2      | Reached XP level 4. HP: 24/24 MP: 9/12
  1406 | D:2      | Noticed Sigmund
  1450 | D:2      | Slain by Sigmund

Skill      XL: |  1  2  3 |
---------------+----------+-----
Dodging        | 3 |  3.6
Spellcasting   | 4 |  4.1
Conjurations   | 5 |  5.0
Stealth        | |  2.4

Action                   |  1- 3 |  4- 6 || total
-------------------------+-------+-------++-------
Melee: Dagger            |     1 |       ||     1
       Club              |     1 |       ||     1
 Cast: Magic Dart        |    64 |    11 ||    75
  Eat: Chunk             |     1 |       ||     1
Armor: Robe              |     1 |       ||     1
Dodge: Dodged            |     4 |     2 ||     6
